 Dungeon Crawl Stone Soup version 0.25-a0-42-g6c54e25894 (webtiles) character file.

Game seed: 16620167252007815010, levelgen mode: deterministic

1649 iamserjio the Gouger (level 8, 0/34 HPs)
             Began as a Felid Chaos Knight on Oct 22, 2019.
             Was a Plaything of Xom.
             Slain by Harold
             ... wielding a +0 dire flail
              (23 damage)
             ... on level 8 of the Dungeon.
             The game lasted 00:16:05 (11074 turns).

iamserjio the Gouger (Felid Chaos Knight)          Turns: 11074, Time: 00:16:05

Health: 0/34       AC:  4    Str:  7    XL:     8   Next: 67%
Magic:  13/14      EV: 26    Int: 15    God:    Xom [....*.]
Gold:   303        SH:  0    Dex: 18    Spells: 11/14 levels left
                                        Lives:  0   Deaths: 2

rFire    . . .     SeeInvis +     - Unarmed
rCold    . . .     Gourm    .   (shield unavailable)
rNeg     . . .     Faith    .   (armour unavailable)
rPois    .         Spirit   .   (helmet unavailable)
rElec    .         Reflect  .   (cloak unavailable)
rCorr    .         Harm     .   (gloves unavailable)
MR       ++...                  (boots unavailable)
Stlth    ++........             (no amulet)
HPRegen  0.11/turn              k - +2 ring of protection
MPRegen  0.14/turn              j - ring of protection from magic

@: quick
A: very small, no armour, no weapons or thrown items, stealth, claws 1, fangs 3,
horns 1, see invisible, agile 1, carnivore, speed 1, screaming 1, shaggy fur 2,
slow metabolism 1, weak 1, sharp paws
a: Renounce Religion


You were on level 8 of the Dungeon.
You worshipped Xom.
You were a beloved toy of Xom.
You were not hungry.

You visited 1 branch of the dungeon, and saw 8 of its levels.

You collected 303 gold pieces.

Inventory:

Missiles
 c - 236 stones
 h - 136 arrows
Jewellery
 b - an uncursed ring of flight
 j - a ring of protection from magic (right paw)
 k - a +2 ring of protection (left paw)
 o - an uncursed ring of protection from fire
 w - a +4 ring of evasion {unknown}
Scrolls
 e - 2 scrolls of fear
 f - 2 scrolls of teleportation {@r3}
 g - a scroll of acquirement {unknown}
 l - 2 scrolls of remove curse {unknown}
 p - 2 scrolls of fog {unknown}
 q - 2 scrolls of amnesia {unknown}
 r - a scroll of noise {unknown}
 v - a scroll of blinking {unknown}
 y - a scroll of enchant weapon {unknown}
 B - a scroll of random uselessness {unknown}
 D - 2 scrolls of immolation {unknown}
Potions
 d - 4 potions of mutation
 i - 2 potions of flight
 m - a potion of invisibility
 n - a potion of ambrosia {unknown}
 s - a potion of haste {unknown}
 t - a potion of cancellation {unknown}
 u - a potion of might {unknown}
 x - a potion of degeneration {unknown}
 z - a potion of curing {unknown}
 A - a potion of magic {unknown}
 C - a potion of resistance {unknown}
Comestibles
 a - 12 rations


   Skills:
 - Level 3.0 Fighting
 + Level 9.7 Dodging
 * Level 10.5 Unarmed Combat
 + Level 3.5 Spellcasting
 - Level 3.1 Hexes
 - Level 2.0 Necromancy
 - Level 2.0 Evocations


You had 11 spell levels left.
You knew the following spells:

 Your Spells              Type           Power        Failure   Level  Hunger
a - Confusing Touch       Hex            ##....       5%          1    None
b - Animate Skeleton      Necr           N/A          9%          1    None
c - Apportation           Tloc           #.....       19%         1    None

Your spell library contained the following spells:

 Spells                   Type           Power        Failure   Level  Hunger
 Sandblast                Erth           #.....       19%         1    None
 Summon Small Mammal      Summ           #...         19%         1    None
 Passwall                 Tmut/Erth      #.......     28%         2    ##.....
 Stone Arrow              Conj/Erth      #.....       50%         3    ###....
 Petrify                  Tmut/Erth      #.......     88%         4    ####...
 Lee's Rapid Deconstruct  Erth           #.........   99%         5    ######.


Dungeon Overview and Level Annotations

Branches:
Dungeon (8/15)             Temple (0/1) D:4
   Lair: D:8-11

Altars:
Ashenzari
Dithmenos
Fedhas
Xom

Annotations:
D:8 Harold


Innate Abilities, Weirdness & Mutations

You cannot wear armour.
You are incapable of wielding weapons or throwing items.
Your paws allow you to move quietly. (Stealth)
You have sharp claws.
You have razor-sharp teeth.
You have supernaturally acute eyesight. (SInv)
You are carnivorous and can eat meat at any time.
You cover ground quickly.
You are covered in thick fur. (AC +2)
You have a slow metabolism.
Your sharp claws are effective at attacking unaware monsters.
You have a pair of small horns on your head.
You are agile. (Dex +2)
You occasionally shout uncontrollably at your foes.
You are weak. (Str -2)


Message History

"There, this looks better."
Harold casts a spell at you.
You barely resist.
Things that are here:
a +0 mace; a +0 chain mail; a +0 mace
Casting: Confusing Touch (safe; 5% risk of failure)
Your paws begin to glow red.
Harold throws a throwing net.
The throwing net barely misses you.
Harold points at you and mumbles some strange words.
The harpoon shot hits you!
You are yanked forward by the harpoon shot.
You scratch Harold but do no damage.
Harold appears confused.
You headbutt Harold, but do no damage. You claw Harold, but do no damage.
You bite Harold. Xom notices you.
You are now a beloved toy of Xom.
The shadow imp disappears in a puff of smoke!
Harold hits you with a +0 dire flail!!
Ouch! That really hurt!
You die...
Xom cackles wildly!

###.#### #.#
####.#### ##
#.......# #.#####.#
####### #.#
#.####.....# . #.#
#....#...@.# . #.#
#.##.#.....# .
#_#####.##.#5....#
o
#__<)@@5##5#)....##
o
##########5@......#
.
#.....5.##.##.###[
#.#####.#......o).
#.# #...>...####
#.# ###..####.# #.#
#.........#
#########
#.###.##.##.#.#
........#
#........##.#.#


You could see Harold (confused) and an iron imp.

Vanquished Creatures
  A hungry ghost (D:7)
  A hornet zombie (D:6)
  2 ice beasts
  6 orc warriors
  A sky beast (D:6)
  3 ogres
  A centaur (D:5)
  3 bullfrogs
  A scorpion (D:8)
  A howler monkey (D:4)
  5 crimson imps
  2 bullfrog zombies
  A quasit (D:5)
  A centaur zombie (D:5)
  4 hounds (D:4)
  3 bullfrog skeletons
  4 orc priests
  A centaur skeleton (D:4)
  Ijyb (D:5)
  2 iguanas
  8 orc wizards
  10 worker ants
  A hound zombie (D:5)
  A hound skeleton (D:6)
  4 adders
  An adder skeleton (D:5)
  An adder zombie (D:7)
  3 worms
  3 dart slugs
  5 leopard geckos
  30 orcs
  7 giant cockroaches
  10 goblins
  7 hobgoblins
  15 jackals
  4 quokkas
  2 ball pythons
  5 bats
  4 frilled lizards
  7 kobolds
  9 rats
181 creatures vanquished.

Vanquished Creatures (collateral kills)
  2 phantoms
  A scorpion (D:5)
  2 giant cockroaches (D:1)
  A hobgoblin (D:1)
  A quokka (D:6)
7 creatures vanquished.

Vanquished Creatures (others)
  An iguana (D:4)
  A bush (D:5)
2 creatures vanquished.

Grand Total: 190 creatures vanquished

Notes
Turn   | Place    | Note
-------+----------+-------------------------------------------
     0 | D:1      | iamserjio the Felid Chaos Knight began the quest for the
                  | Orb.
     0 | D:1      | Reached XP level 1. HP: 10/10 MP: 2/2
    65 | D:1      | XOM: harmless Tloc miscast
   315 | D:1      | Reached XP level 2. HP: 14/14 MP: 3/3
   336 | D:1      | XOM: butterfly on damage
   441 | D:1      | XOM: harmless Tloc miscast
   805 | D:1      | XOM: butterfly on damage
   818 | D:1      | XOM: cast spell 'Summon Ice Beast'
  1128 | D:1      | Reached XP level 3. HP: 15/17 MP: 4/4
  1515 | D:2      | Reached skill level 4 in Unarmed Combat
  1722 | D:2      | XOM: harmless Air miscast
  2193 | D:2      | XOM: butterfly on damage
  2640 | D:2      | Reached XP level 4. HP: 21/21 MP: 5/5
  3073 | D:3      | XOM is BORED!
  3295 | D:3      | XOM: 1-stop teleportation journey
  3568 | D:3      | XOM: harmless Erth miscast
  3766 | D:4      | Reached skill level 5 in Unarmed Combat
  3784 | D:4      | XOM: summons friendly shadow imp
  3791 | D:4      | Reached XP level 5. HP: 22/24 MP: 6/6
  3991 | D:4      | XOM: harmless Tloc miscast
  3996 | D:4      | Reached skill level 5 in Dodging
  4346 | D:4      | Noticed a phantom
  4351 | D:4      | XOM: enchant monster (good)
  4438 | D:4      | XOM: harmless Hex miscast
  4640 | D:4      | You fall into a shaft and drop 2 floors!
  4641 | D:6      | Noticed a phantom
  4641 | D:6      | XOM: summons 5 friendly demons
  4657 | D:6      | Gained mutation: You are covered in thick fur. (AC +2)
                  | [Felid growth]
  4657 | D:6      | Reached XP level 6. HP: 24/28 MP: 7/7
  4668 | D:6      | Reached skill level 6 in Unarmed Combat
  4706 | D:5      | Entered Level 5 of the Dungeon
  4737 | D:6      | Noticed an orc warrior
  4740 | D:6      | XOM: mild Fire miscast
  4761 | D:6      | Noticed a sky beast
  4963 | D:4      | XOM: scenery: create altars
  4973 | D:4      | XOM: give mutations
  4973 | D:4      | Gained mutation: You occasionally shout uncontrollably at
                  | your foes. [Xom's mischief]
  4973 | D:4      | Gained mutation: You are weak. (Str -2) [Xom's mischief]
  5152 | D:4      | XOM: butterfly on damage
  5159 | D:4      | Killed from afar by an orc priest
  5160 | D:4      | Reached XP level 5. HP: -1/24 MP: 6/6
  5173 | D:4      | Found a staircase to the Ecumenical Temple.
  5201 | D:4      | Reached XP level 6. HP: 28/28 MP: 7/7
  5208 | D:4      | XOM: smoke on damage
  5209 | D:4      | XOM: cleaving
  5245 | D:4      | XOM: give mutation
  5245 | D:4      | Gained mutation: You have a pair of small horns on your
                  | head. [Xom's mischief]
  5340 | D:4      | XOM: summons 2 friendly demons
  5347 | D:4      | Reached skill level 7 in Unarmed Combat
  5665 | D:4      | XOM: enchant monster (bad)
  5669 | D:4      | Reached XP level 7. HP: 15/31 MP: 8/8
  5935 | D:5      | XOM: 1-stop teleportation journey
  5955 | D:5      | Noticed Ijyb
  5969 | D:5      | XOM: harmless Tmut miscast
  6086 | D:4      | XOM: harmless Hex miscast
  6110 | D:5      | Reached skill level 8 in Unarmed Combat
  6120 | D:5      | Killed Ijyb
  6499 | D:5      | XOM: blink monster(s)
  6501 | D:5      | XOM: summons 7 friendly demons
  6524 | D:5      | Reached skill level 1 in Evocations
  6954 | D:5      | Reached XP level 8. HP: 34/34 MP: 10/10
  7044 | D:5      | XOM: destruction
  7050 | D:5      | Found a blossoming altar of Fedhas.
  7185 | D:5      | Learned a level 1 spell: Confusing Touch
  7187 | D:5      | Learned a level 1 spell: Animate Skeleton
  7189 | D:5      | Learned a level 1 spell: Apportation
  7214 | D:6      | Reached skill level 1 in Hexes
  7424 | D:6      | Found a shadowy altar of Dithmenos.
  7432 | D:6      | Reached skill level 9 in Unarmed Combat
  7432 | D:6      | Reached skill level 1 in Necromancy
  7488 | D:6      | Reached skill level 1 in Spellcasting
  7573 | D:6      | XOM: divination: magic mapping
  7786 | D:6      | XOM: confuse monster(s)
  7806 | D:6      | XOM: cloud trail
  8114 | D:7      | Reached XP level 9. HP: 37/37 MP: 13/13
  8145 | D:7      | Found a shimmering altar of Xom.
  8148 | D:7      | Found a shimmering altar of Xom.
  8169 | D:7      | XOM: harmless Necr miscast
  8170 | D:7      | XOM: enchant monster (bad)
  8172 | D:7      | XOM: swap monsters
  8185 | D:7      | XOM: smoke on damage
  8203 | D:7      | XOM: harmless Fire miscast
  8553 | D:7      | XOM: swap monsters
  8573 | D:7      | XOM: repel stairs
  8582 | D:7      | XOM: noise
  8602 | D:7      | XOM: cast spell 'Disjunction'
  8610 | D:7      | XOM: cast spell 'Leda's Liquefaction'
  8853 | D:7      | Found a shimmering altar of Xom.
  8856 | D:7      | Found a shimmering altar of Xom.
  8863 | D:7      | Found a shimmering altar of Xom.
  8864 | D:7      | Found a shimmering altar of Xom.
  8881 | D:7      | Reached skill level 10 in Unarmed Combat
  8989 | D:7      | XOM: mild Fire miscast
  9346 | D:7      | XOM: give mutation
  9346 | D:7      | Lost mutation: You occasionally shout uncontrollably at
                  | your foes. [Xom's mischief]
  9478 | D:8      | Noticed Harold
  9491 | D:8      | XOM: medium Pois miscast
  9575 | D:7      | XOM: severe Fire miscast
  9844 | D:8      | XOM: harmless Hex miscast
  9894 | D:8      | XOM: noise
  9899 | D:8      | Killed from afar by Harold
  9900 | D:8      | Reached XP level 8. HP: -4/34 MP: 13/13
  9922 | D:8      | Found a shattered altar of Ashenzari.
  9969 | D:8      | XOM: butterfly on damage
  9971 | D:7      | XOM: butterfly on damage
 10175 | D:6      | XOM: torment (17/34 hp)
 10353 | D:6      | XOM: give mutations
 10353 | D:6      | Gained mutation: You occasionally shout uncontrollably at
                  | your foes. [Xom's mischief]
 10353 | D:6      | Gained mutation: You are agile. (Dex +2) [Xom's mischief]
 10389 | D:5      | XOM: summons 4 hostile demons
 10392 | D:5      | XOM: stat loss: -1 Str (6/7)
 10523 | D:6      | XOM: confusion
 10527 | D:6      | XOM: chaos cloud
 10812 | D:8      | XOM: medium Ice miscast
 10812 | D:8      | XOM: butterfly on damage
 11045 | D:8      | XOM: summons 3 hostile demons
 11071 | D:8      | XOM: scenery: create altars
 11074 | D:8      | XOM: harmless Chrm miscast
 11074 | D:8      | Slain by Harold

Levels and vault maps discovered:
D:1:      dpeg_arrival_arbitrary_a, layout_basic, hangedman_abyss_or_decor_stabs
D:2:      layout_loops_ring
D:3:      layout_rooms, serial_co_window_serial, co_window_corner_a,
          co_window_paths_b, co_window_paths_a, co_window_paths_a,
          co_window_paths_b, co_window_broadway_a, co_window_broadway_b,
          co_window_broadway_a, co_window_of_opportunity_b, co_window_4corner_b,
          co_window_paths_e, hangedman_decor_growths
D:4:      wander_river, layout_basic, minmay_temple_entry_proselytizer
D:5:      layout_rooms, fedhas_bush_and_centaur_altar, first_ration, uniq_ijyb
D:6:      layout_rooms, marbit_many_paths
D:7:      layout_basic, xom_redecorated
D:8:      layout_loops_cross, nicolae_ashenzari_panopticon, uniq_harold

Skill      XL: |  1  2  3  4  5  6  7  8  9 |
---------------+----------------------------+-----
Unarmed Combat | 4 5 7 8 9 10 | 10.5
Dodging        | 4 5 7 8 9 |  9.7
Evocations     | 2 |  2.0
Hexes          | 3 |  3.1
Necromancy     | 2 |  2.0
Spellcasting   | 2 3 |  3.5
Fighting       | |  3.0

Action                   |  1- 3 |  4- 6 |  7- 9 || total
-------------------------+-------+-------+-------++-------
Melee: Unarmed           |   136 |   228 |   337 ||   701
       Bite              |     8 |    17 |    34 ||    59
       Punch             |     1 |     6 |    15 ||    22
       Headbutt          |       |     4 |    52 ||    56
 Cast: Confusing Touch   |       |       |    11 ||    11
Evoke: Wand              |       |     5 |    21 ||    26
  Use: Scroll            |       |     1 |     4 ||     5
 Stab: Sleeping          |     4 |     2 |     5 ||    11
       Paralysed         |       |       |     7 ||     7
       Confused          |       |       |     8 ||     8
       Distracted        |       |       |     1 ||     1
  Eat: Chunk             |    11 |     9 |    14 ||    34
Armor: Skin              |    12 |    19 |    14 ||    45
Dodge: Dodged            |   107 |   175 |   241 ||   523

Table legend:
 A = Non-vault XP
 B = Vault XP
 C = Vault XP percentage of total XP
 D = Non-vault monster count
 E = Vault monster count
 F = Vault count percentage of total count
                 A         B        C        D         E       F
            +---------+---------+-------+---------+---------+-------
      Total |    4247 |     325 |   7.1 |     185 |       4 |   2.1
            +---------+---------+-------+---------+---------+-------
        D:1 |      50 |       0 |   0.0 |      32 |       0 |   0.0
        D:2 |      51 |       0 |   0.0 |      18 |       0 |   0.0
        D:3 |      35 |       0 |   0.0 |      16 |       0 |   0.0
        D:4 |     702 |      43 |   5.8 |      33 |       1 |   2.9
        D:5 |     681 |     146 |  17.7 |      24 |       2 |   7.7
        D:6 |    1326 |     136 |   9.3 |      32 |       1 |   3.0
        D:7 |     762 |       0 |   0.0 |      15 |       0 |   0.0
        D:8 |     640 |       0 |   0.0 |      15 |       0 |   0.0
            +---------+---------+-------+---------+---------+-------
